 Dungeon Crawl Stone Soup version 0.22-a0-848-ge9e22a0 (webtiles) character file.

271 Amnesiac the Digger (level 6, 41/41 HPs)
             Began as a Mummy Earth Elementalist on July 26, 2018.
             Quit the game in the Ecumenical Temple.
             The game lasted 00:02:46 (1578 turns).

Amnesiac the Digger (Mummy Earth Elementalist)      Turns: 1578, Time: 00:02:47

Health: 41/41      AC:  3    Str: 12    XL:     6   Next: 2%
Magic:  13/13      EV: 12    Int: 16    God:
Gold:   72         SH:  0    Dex: 12    Spells: 3/14 levels left

rFire    x . .     SeeInvis .   j - +4 quarterstaff (chaos)
rCold    + . .     Gourm    .   (shield currently unavailable)
rNeg     + + +     Faith    .   c - +0 robe
rPois    ∞         Spirit   .   (no helmet)
rElec    .         Reflect  .   h - +0 cloak
rCorr    .         Harm     .   (no gloves)
MR       .....                  (no boots)
Stlth    ++........             (no amulet)
HPRegen  0.13/turn              (no ring)
MPRegen  0.13/turn              (no ring)

@: no status effects
A: no food or potions, fire vulnerability, cold resistance 1, negative energy
resistance 3, torment resistance, unbreathing
a: no special abilities


You were in the Ecumenical Temple.
You were not hungry.

You visited 2 branches of the dungeon, and saw 5 of its levels.

You collected 72 gold pieces.

Inventory:

Hand Weapons
 d - a +0 mace
 j - a +4 quarterstaff of chaos (weapon)
Missiles
 b - 26 stones (quivered)
Armour
 c - a +0 robe (worn)
 h - a +0 cloak (worn)
Scrolls
 f - a scroll of remove curse {!r}
 k - a scroll of amnesia {!r}


   Skills:
 - Level 1.5 Dodging
 - Level 1.5 Stealth
 + Level 4.7 Spellcasting
 - Level 0.7 Transmutations
 * Level 4.9 Earth Magic


You had 3 spell levels left.
You knew the following spells:

 Your Spells              Type           Power        Failure   Level  Hunger
a - Sandblast             Erth           ###...       1%          1    N/A
b - Passwall              Tmut/Erth      ##......     8%          2    N/A
c - Stone Arrow           Conj/Erth      ##....       17%         3    N/A
d - Lee's Rapid Deconstr  Erth           ###.......   50%         5    N/A

Your spell library contained the following spells:

 Spells                   Type           Power        Failure   Level  Hunger
 Petrify                  Tmut/Erth      ##......     43%         4    N/A

Dungeon Overview and Level Annotations

Branches:
Dungeon (4/15)             Temple (1/1) D:4

Altars:
Ashenzari
Elyvilon
Fedhas
Gozag
Kikubaaqudgha
Makhleb
Okawaru
Qazlal
Uskayaw
Xom
Yredelemnul


Innate Abilities, Weirdness & Mutations

You do not eat or drink.
Your flesh is vulnerable to fire.
You are immune to poison.
Your flesh is cold resistant. (rC+)
You are immune to negative energy. (rN+++)
You are immune to unholy pain and torment.
You can survive without breathing.


Message History

The jackal barks! x3
The jackal barely misses you. x2
You hit the jackal.
You kill the jackal!
A jackal comes into view.
You closely miss the jackal. The jackal barely misses you.
The jackal bites you.
You sock the jackal!
You kill the jackal!
The jackal closely misses you.
You thump the jackal!
You kill the jackal!
The jackal bites you but does no damage.
You hit the jackal. Lightning courses through the jackal!
You kill the jackal!
You see here a jackal corpse.
No target in view!
No target in view!
No target in view!
Found 14 gold pieces.
You now have 72 gold pieces (gained 14).
You see here a jackal corpse.
There is a stone staircase leading down here.
You climb downwards.
An adder and a worker ant come into view.
There is a stone staircase leading up here.
The adder hisses angrily.
The worker ant misses you. The adder barely misses you.
You sock the worker ant!
Lightning courses through the worker ant!
You kill the worker ant!
The adder barely misses you.
You hit the adder. You burn the adder.
The adder is moderately wounded.
The adder closely misses you. The adder bites you.
You hit the adder but do no damage.
The adder is moderately wounded.
The adder bites you. The adder bites you but does no damage.
You thump the adder!
You kill the adder!
You have reached level 6!
Your experience leads to an increase in your attributes!
Increase (S)trength, (I)ntelligence, or (D)exterity?
You feel clever.
Okay, then.
Found a staircase to the Ecumenical Temple.
You see here an adder corpse.
A frilled lizard comes into view.
The frilled lizard hisses angrily.
An orc comes into view. It is wielding a club.
There is a staircase to the Ecumenical Temple here.
You climb downwards.
Welcome to the Ecumenical Temple!
Found a blossoming altar of Fedhas and a shattered altar of Ashenzari.
There is a staircase back to the Dungeon here.
Found a white marble altar of Elyvilon.
Found an iron altar of Okawaru.
Found a burning altar of Makhleb.
Found a stormy altar of Qazlal.
Found an ancient bone altar of Kikubaaqudgha.
Found an opulent altar of Gozag.
There is a stormy altar of Qazlal here.
HP restored.
Found a hide-covered altar of Uskayaw.
Are you sure you want to abandon this character and quit the game? (Confirm with "yes".)

########........<........#
########...########
##...## ##.....##
##...⌠...# ##.........#
##...........#
##..._....._...#
#@..............
###....._.....#
####.....### ######


There were no monsters in sight!

Vanquished Creatures
  Sigmund (D:3)
  Crazy Yiuf (D:2)
  A worker ant (D:4)
  An adder (D:4)
  3 dart slugs
  4 leopard geckos
  3 bats (D:1)
  3 giant cockroaches
  4 goblins
  2 hobgoblins
  6 jackals
  2 kobolds (D:1)
  A frilled lizard (D:1)
  10 rats
42 creatures vanquished.

Notes
Turn   | Place    | Note
-------+----------+-------------------------------------------
     0 | D:1      | Amnesiac the Mummy Earth Elementalist began the quest for the Orb.
     0 | D:1      | Reached XP level 1. HP: 13/13 MP: 4/4
   135 | D:1      | Reached XP level 2. HP: 15/19 MP: 2/5
   140 | D:1      | Learned a level 2 spell: Passwall
   620 | D:1      | Reached XP level 3. HP: 16/24 MP: 3/7
   807 | D:1      | Learned a level 3 spell: Stone Arrow
   862 | D:2      | Found a snail-covered altar of Cheibriados.
   864 | D:2      | Found a glowing silver altar of Zin.
   864 | D:2      | Found a bloodstained altar of Trog.
   866 | D:2      | Found a shadowy altar of Dithmenos.
   866 | D:2      | Found a blossoming altar of Fedhas.
   866 | D:2      | Found a shimmering altar of Xom.
   989 | D:2      | Found a basalt altar of Yredelemnul.
   991 | D:2      | Noticed a profane servitor
  1014 | D:2      | Found a runed door.
  1018 | D:2      | Noticed Crazy Yiuf
  1025 | D:2      | Killed Crazy Yiuf
  1025 | D:2      | Reached XP level 4. HP: 4/30 MP: 0/9
  1337 | D:3      | Found a blossoming altar of Fedhas.
  1338 | D:3      | Noticed Sigmund
  1353 | D:3      | Killed Sigmund
  1353 | D:3      | Reached XP level 5. HP: 31/35 MP: 2/11
  1360 | D:3      | Learned a level 5 spell: Lee's Rapid Deconstruction
  1524 | D:4      | Reached XP level 6. HP: 35/41 MP: 11/13
  1525 | D:4      | Found a staircase to the Ecumenical Temple.
  1534 | Temple   | Entered the Ecumenical Temple
  1578 | Temple   | Quit the game

Vault maps used:
D:1:      dpeg_arrival_tiny_h, minmay_misc_feat_diagonals
D:2:      grunt_temple_overflow_holy_war, marbit_many_paths,
          doesnt_xom_only_xom, uniq_crazy_yiuf_cottage
D:3:      bloody_trog, first_ration, serial_park_tiny_2, fedhas_altar_1,
          uniq_sigmund
D:4:      lemuel_crystal_altar, minmay_temple_entry_overgrown, serial_shops,
          shop, shop
Temple:   dpeg_three_leaves_temple

Skill      XL: |  1  2  3  4 |
---------------+-------------+-----
Earth Magic    | 3 4 |  4.9
Spellcasting   | 3 4 |  4.7
Dodging        | |  1.5
Stealth        | |  1.5
Transmutations | |  0.7

Action                   |  1- 3 |  4- 6 || total
-------------------------+-------+-------++-------
Melee: Unarmed           |    11 |       ||    11
       Mace              |     9 |     8 ||    17
       Quarterstaff      |       |     9 ||     9
 Cast: Sandblast         |    46 |     8 ||    54
       Passwall          |       |     2 ||     2
  Use: Scroll            |       |     3 ||     3
 Stab: Sleeping          |     1 |       ||     1
Armor: Robe              |     5 |     3 ||     8
Dodge: Dodged            |    18 |    15 ||    33

Table legend:
 A = Spawn XP
 B = Non-spawn XP
 C = Spawn XP percentage of total XP
 D = Spawn monster count
 E = Non-spawn monster count
 F = Spawn count percentage of total count
 G = Total turns spent on level
                    A         B        C        D         E        F      G
               +---------+---------+-------+---------+---------+-------+---------
         Total |       0 |     388 |   0.0 |       0 |      42 |   0.0 |  1578
               +---------+---------+-------+---------+---------+-------+---------
           D:1 |       0 |      50 |   0.0 |       0 |      28 |   0.0 |   799
           D:2 |       0 |      48 |   0.0 |       0 |       4 |   0.0 |   531
           D:3 |       0 |     243 |   0.0 |       0 |       8 |   0.0 |   187
           D:4 |       0 |      47 |   0.0 |       0 |       2 |   0.0 |    17
               +---------+---------+-------+---------+---------+-------+---------
